AoeStats
← R1b7n12

Arabia

509639188Analyzed
2v2 RM · 4d ago on Sep 27, 2026· 27m 35s· 4 players
Game mode
Random Map
Map size
Medium (4 player)
Population
200
Speed
Normal
Resources
Standard
Victory
Conquest
Starting age
Dark Age
Ending age
Imperial Age
RankedLock teamsTeams togetherTeam positionsShared explorationLock speedFull tech treeHidden civsTurbo modeCheats
Victory
Defeat
🇩🇪 Persians · Germany
1224
+29
🇩🇪 Ethiopians · Germany
1084
+16
🇨🇦 Italians · Canada
1119
-14
🇨🇦 Danes · Canada
1117
-14
luckyjj
9:48 Feudal Age
8:04 Loom
10:09 Man-at-Arms
10:38 Double-Bit Axe
13:29 Arson
17:18 Horse Collar
18:27 Scale Mail Armor
22:40 Castle Age
22:16 Forging
23:11 Wheelbarrow
24:43 Heavy Plow
24:55 Bow Saw
25:11 Squires
24:56 Gambesons
26:03 Gold Mining
26:55 Hand Cart
Painkiller
6:24 Loom
9:05 Feudal Age
20:56 Double-Bit Axe
23:53 Fletching
28:31 Castle Age
28:37 Castle Age
iroNistiC
6:34 Loom
8:50 Feudal Age
9:34 Double-Bit Axe
9:33 Horse Collar
20:19 Wheelbarrow
24:27 Castle Age
23:42 Bloodlines
26:07 Bow Saw
26:01 Heavy Plow
26:51 Forging
28:12 Scale Barding Armor
R1b7n12
6:32 Loom
9:21 Feudal Age
10:24 Double-Bit Axe
14:27 Fletching
24:56 Castle Age
22:59 Padded Archer Armor
24:00 Gold Mining
23:51 Horse Collar
25:38 Bodkin Arrow
25:05 Crossbowman
26:41 Leather Archer Armor
27:35 Gold Shaft Mining
Connection lost

Rejoining the realm…

Still unreachable

The connection could not be restored.

Session expired

The server has moved on; the page needs a fresh start.